 Dungeon Crawl Stone Soup version 0.29-a0-575-g0dc89cf053 (webtiles) character file.

Game seed: 12814164196881879999

34 xian the Conjurer (level 3, -3/19 HPs)
             Began as a Deep Elf Conjurer on June 12, 2022.
             Slain by Sigmund
             ... wielding a +2 scythe of protection
              (5 damage)
             ... on level 2 of the Dungeon.
             The game lasted 00:02:43 (1334 turns).

xian the Conjurer (Deep Elf Conjurer)               Turns: 1334, Time: 00:02:44

Health: -3/19      AC:  4    Str:  4    XL:     3   Next: 14%
Magic:  0/9        EV: 11    Int: 24    God:
Gold:   78         SH:  0    Dex: 13    Spells: 5/8 levels left

rFire   . . .      SeeInvis .   a - +0 dagger
rCold   . . .      Faith    .   (no shield)
rNeg    . . .      Spirit   .   d - +1 leather armour
rPois   .          Reflect  .   (no helmet)
rElec   .          Harm     .   (no cloak)
rCorr   .          Rampage  .   (no gloves)
Will    .....                   (no boots)
Stlth   +.........              (no amulet)
HPRegen 0.06/turn               (no ring)
MPRegen 0.11/turn               (no ring)

@: confused
A: no striking features
a: no special abilities


You were on level 2 of the Dungeon.
You visited 1 branch of the dungeon, and saw 2 of its levels.

You collected 78 gold pieces.

Inventory:

Hand Weapons
 a - a +0 dagger (weapon)
Armour
 d - a +1 leather armour (worn)
Scrolls
 c - a scroll of immolation
Potions
 b - a potion of magic
 f - a potion of curing {unknown}


   Skills:
 + Level 0.4 Armour
 + Level 2.5 Dodging
 + Level 2.4 Stealth
 + Level 3.3 Spellcasting
 + Level 5.2 Conjurations


You had 5 spell levels left.
You knew the following spells:

 Your Spells              Type           Power      Damage    Failure   Level
a - Magic Dart            Conj           100%       1d8       2%          1
b - Searing Ray           Conj           58%        2d6       3%          2

Your spell library contained the following spells:

 Spells                   Type           Power      Damage    Failure   Level
 Dazzling Flash           Conj/Hex       32%        N/A       19%         3
 Fulminant Prism          Conj/Hex       8%         3d7       54%         4
 Iskenderun's Mystic Bla  Conj/Tloc      16%        2d5       54%         4


Dungeon Overview and Level Annotations

Branches:
Dungeon (2/15)

Altars:

Annotations:
D:2 Sigmund


Message History

You start memorising the spell.
You continue memorising. x2
You finish memorising.
Spell assigned to 'b'.
Casting: Magic Dart (safe; 2% risk of failure)
Confirm with . or Enter, or press ? or * to list all spells.
Aiming: Searing Ray (safe; 3% risk of failure)
Press: ? - help, Shift-Dir - straight line, f/p - Sigmund
Aim: Sigmund, wielding a +2 scythe of protection and wearing a +0 robe (moderately wounded, spells empowered, 77% to hit)
The searing ray hits Sigmund but does no damage.
Sigmund is moderately wounded. (Press . to maintain the ray.)
The searing ray hits Sigmund.
Sigmund is heavily wounded.
Sigmund misses you.
The searing ray hits Sigmund!
Sigmund is almost dead.
The searing ray hits Sigmund but does no damage.
Sigmund is almost dead.
You finish channelling your searing ray.
Sigmund mumbles some strange words.
Sigmund flickers and vanishes!
Deactivating autopickup; reactivate with Ctrl-A.
Something hits you.
Casting: Searing Ray (safe; 3% risk of failure)
Confirm with . or Enter, or press ? or * to list all spells.
You can't see any susceptible monsters within range! (Use Z to cast anyway.)
Casting: Searing Ray (safe; 3% risk of failure)
Confirm with . or Enter, or press ? or * to list all spells.
Aiming: Searing Ray (safe; 3% risk of failure)
Press: ? - help, Shift-Dir - straight line (Press . to maintain the ray.)
A magic dart appears from out of thin air!
The magic dart hits you.
Unknown command.
The searing ray hits something but does no damage.
You hear some strange, mumbled words.
You are confused.
Something hits you.
* * * LOW HITPOINT WARNING * * *
You bump into the rock wall.
Something hits you.
You die...

#####.##### #...
..........#.# ..#
#.###.###.#.# ..#
#.# #.# #.#.# ...
#.# #.# #.#.# #.#
#.# #.# #.#.# #.#
#.# #.#
#.#.#####.# ...
..#
#.#.#...#.####.###
#.# ###
#.......@.{.......
#.#
#####...###.......
##### $......
..$.... $......
....... .......
###.###


There were no monsters in sight!

Vanquished Creatures
  A worm (D:2)
  2 giant cockroaches
  3 goblins
  3 hobgoblins
  5 kobolds
  2 ball pythons (D:2)
  4 bats (D:1)
  5 frilled lizards (D:1)
  5 rats
30 creatures vanquished.

Notes
Turn   | Place    | Note
-------+----------+-------------------------------------------
     0 | D:1      | xian the Deep Elf Conjurer began the quest for the Orb.
     0 | D:1      | Reached XP level 1. HP: 10/10 MP: 6/6
   366 | D:1      | Reached XP level 2. HP: 15/15 MP: 6/8
   612 | D:1      | Reached skill level 5 in Conjurations
  1045 | D:2      | Reached XP level 3. HP: 19/19 MP: 2/9
  1317 | D:2      | Noticed Sigmund
  1324 | D:2      | Learned a level 2 spell: Searing Ray
  1334 | D:2      | Slain by Sigmund

Illustrated notes

Levels and vault maps discovered:
D:1:      minmay_arrival_pointy, layout_basic
D:2:      layout_loops_ring, minmay_nonomino_d4, uniq_terence, uniq_sigmund

Skill      XL: |  1  2 |
---------------+-------+-----
Conjurations   | 5 |  5.2
Armour         | |  0.4
Dodging        | |  2.5
Stealth        | |  2.4
Spellcasting   | |  3.3

Action                   || total
-------------------------++-------
Melee: Dagger            ||     7
 Cast: Magic Dart        ||    57
       Searing Ray       ||     2
  Use: Scroll            ||     2
Armor: Robe              ||     3
       Leather armour    ||     2
Dodge: Dodged            ||    12

Table legend: (Time is in decaauts)
 A = Elapsed time spent in this place.
 B = Non-inter-level travel time spent in this place.
 C = Inter-level travel time spent in this place.
 D = Time resting spent in this place.
 E = Time spent auto-exploring this place.
 F = Levels seen in this place.
 G = Mean time per level.
                   A        B        C        D        E       F      G
               +--------+--------+--------+--------+--------+-----+--------+
         Total |   1333 |   1333 |      0 |      0 |   1175 |   2 |  666.5 |
       Dungeon |   1333 |   1333 |      0 |      0 |   1175 |   2 |  666.5 |
               +--------+--------+--------+--------+--------+-----+--------+

Top non-repeatable levels by time:
     D:1: 889 daAuts
     D:2: 443 daAuts
